 Dungeon Crawl Stone Soup version 0.28.0-49-g6dfe1f597d (webtiles) character file.

Game seed: 13931468539884760958

65 Exodus22XD the Shield-Bearer (level 3, 33/33 HPs)
             Began as a Minotaur Fighter on May 20, 2022.
             Was a Follower of Elyvilon.
             Quit the game on level 2 of the Dungeon.
             The game lasted 00:00:46 (1253 turns).

Exodus22XD the Shield-Bearer (Minotaur Fighter)     Turns: 1253, Time: 00:00:47

Health: 33/33      AC:  8    Str: 22    XL:     3   Next: 92%
Magic:  2/2        EV:  9    Int:  5    God:    Elyvilon [*.....]
Gold:   53         SH:  4    Dex:  9    Spells: 2/2 levels left

rFire   . . .      SeeInvis .   a - +0 war axe
rCold   + . .      Faith    .   c - +0 buckler
rNeg    . . .      Spirit   .   h - +1 scale mail {rC+}
rPois   .          Reflect  .   (helmet restricted)
rElec   .          Harm     .   (no cloak)
rCorr   .          Rampage  .   (no gloves)
Will    .....                   (no boots)
Stlth   ..........              (no amulet)
HPRegen 0.11/turn               (no ring)
MPRegen 0.08/turn               (no ring)

@: no status effects
A: horns 2, retaliatory headbutt
a: Renounce Religion, Purification


You were on level 2 of the Dungeon.
You worshipped Elyvilon.
Elyvilon was aware of your devotion.
You visited 1 branch of the dungeon, and saw 2 of its levels.

You collected 53 gold pieces.

Inventory:

Hand Weapons
 a - a +0 war axe (weapon)
Armour
 c - a +0 buckler (worn)
 h - a +1 scale mail of cold resistance (worn)
Wands
 d - a wand of flame (19)
Scrolls
 b - a scroll of blinking {unknown}
 g - a scroll of amnesia {unknown}
Potions
 e - a potion of curing {unknown}
 f - a potion of experience {unknown}


   Skills:
 + Level 4.2 Fighting
 + Level 3.3 Axes
 + Level 4.3 Armour
 + Level 4.3 Shields


You had 2 spell levels left.
You didn't know any spells.
Your spell library was empty.

Dungeon Overview and Level Annotations

Branches:
Dungeon (2/15)

Altars:
Elyvilon


Innate Abilities, Weirdness & Mutations

You have a pair of horns on your head.
You reflexively headbutt those who attack you in melee.


Message History

There is a stone staircase leading down here.
You open the door.
There is an open door here.
b - a scroll labelled DIEDAW HOMES No target in view!
No target in view!
Key pressed, stopping explore.
No target in view!
No target in view!
Found a stone staircase leading up.
No target in view!
No target in view!
No target in view!
There is an open door here.
You now have 53 gold pieces (gained 9).
You open the door.
There is an open door here.
A ball python comes into view.
The ball python hisses angrily.
A ball python is nearby!
You closely miss the ball python. You block the ball python's attack.
The ball python grabs you. The ball python constricts you.
The ball python barely misses you. The ball python constricts you.
You slash the ball python!
You kill the ball python!
You enter the shallow water.
Moving in this stuff is going to be slow.
You enter the shallow water.
Moving in this stuff is going to be slow.
Found a faded altar of an unknown god.
No target in view!
Found a plate armour and 16 stones.
No target in view!
No target in view!
There is a faded altar of an unknown god here.
You cannot tell which god this altar belongs to.
Convert to them anyway?
Elyvilon accepts your prayer! Elyvilon welcomes you!
You can now purify yourself.
Are you sure you want to abandon this character and quit the game? (Confirm with "yes".)

##'#######.# #.................
...........# #................)
.....[.....#####.................
...........#.............###'####
...........#.###.(###...†# #.#
###..#####.#.............###.####
##.#####.#....................#
.............................#
...........###@.....#.........#
....................#.........#
.........[.......#.........#
........###..###...........#
........( .... ............#
........# .................#
........# ..... ....##.


There were no monsters in sight!

Vanquished Creatures
  Terence (D:2)
  A dart slug (D:2)
  2 ball pythons
  An endoplasm (D:1)
  3 giant cockroaches (D:1)
  3 hobgoblins
  6 jackals (D:2)
  A quokka (D:2)
  5 bats
  A frilled lizard (D:2)
  2 goblins (D:1)
  3 kobolds
  3 rats
32 creatures vanquished.

Notes
Turn   | Place    | Note
-------+----------+-------------------------------------------
     0 | D:1      | Exodus22XD the Minotaur Fighter began the quest for the
                  | Orb.
     0 | D:1      | Reached XP level 1. HP: 19/19 MP: 0/0
   188 | D:1      | Reached XP level 2. HP: 27/27 MP: 1/1
   726 | D:2      | Noticed Terence
   734 | D:2      | HP: 1/27 [Terence/+0 mace (3)]
   738 | D:2      | Killed Terence
   739 | D:2      | Reached XP level 3. HP: 1/33 MP: 2/2
  1239 | D:2      | Found a faded altar of an unknown god.
  1252 | D:2      | Prayed at the altar of an unknown god.
  1252 | D:2      | Became a worshipper of Elyvilon the Healer
  1252 | D:2      | Reached * piety under Elyvilon
  1253 | D:2      | Quit the game

Illustrated notes

Levels and vault maps discovered:
D:1:      dpeg_arrival_stone_temple_mockup, layout_loops_ring
D:2:      layout_basic, hellmonk_ecumenical_altar_lost_god,
          chequers_serial_rivers_micro_a, uniq_terence

Skill      XL: |  1  2 |
---------------+-------+-----
Shields        | 4 |  4.3
Fighting       | 4 |  4.2
Armour         | 4 |  4.3
Axes           | 3 |  3.3

Action                   || total
-------------------------++-------
Melee: War axe           ||    58
       Headbutt          ||     7
  Use: Potion            ||     1
Armor: Scale mail        ||    24
Dodge: Dodged            ||    37
Block: Buckler           ||    15
